 Dungeon Crawl Stone Soup version 0.15.2 (webtiles) character file.

198 DrPain the Cudgeler (level 6, -2/47 HPs)
             Began as a Formicid Abyssal Knight on Jan 17, 2015.
             Was a Believer of Lugonu.
             Killed from afar by an orc wizard (11 damage)
             ... with a puff of flame
             ... on Level 3 of the Dungeon.
             The game lasted 00:06:54 (2454 turns).

DrPain the Cudgeler (Formicid Abyssal Knight)       Turns: 2454, Time: 00:06:54

HP  -2/47        AC 10     Str 17      XL: 6   Next:  6%
MP  10/12        EV  4     Int 12      God: Lugonu [**....]
Gold 107         SH  0     Dex 11      Spells:  0 memorised,  5 levels left

rFire  . . .     SeeInvis +     f - +4 mace
rCold  . . .     Clarity  .     l - +0 plate armour
rNeg   . . .     rCorr    .     (no shield)
rPois  .         rRot     .     (helmet unavailable)
rElec  .         Spirit   .     (no cloak)
SustAb .         Warding  .     (no gloves)
rMut   .         Stasis   +     (no boots)
Gourm  .                        (no amulet)
MR     .....                    (no ring)
                                (no ring)

@: not resistant to hostile enchantments, extremely unstealthy
A: permanent stasis, dig shafts and tunnels, four strong arms, antennae 3
a: Dig, Shaft Self, Depart the Abyss, Bend Space, Renounce Religion


You were on level 3 of the Dungeon.
You worshipped Lugonu.
Lugonu was pleased with you.
You were not hungry.

You visited 1 branch of the dungeon, and saw 3 of its levels.
You visited the Abyss 1 time.

You collected 107 gold pieces.

Inventory:

Hand weapons
 f - a +4 mace (weapon)
Armour
 l - a +0 plate armour (worn)
Comestibles
 b - a slice of pizza
 c - 3 bread rations
 m - 5 fruits
 n - 2 rotting chunks of gnoll flesh
Scrolls
 a - a scroll of identify
 g - a scroll of noise {unknown}
 i - a scroll of fog {unknown}
 j - a scroll of recharging {unknown}
Potions
 d - a potion of curing {unknown}
 e - a potion of invisibility
 h - a potion of cure mutation {unknown}
 k - 2 potions of poison {unknown}


   Skills:
 - Level 3.2 Fighting
 * Level 4.9 Maces & Flails
 - Level 2.1 Armour
 - Level 0.8 Dodging
 + Level 4.2 Invocations


You had 5 spell levels left.
You didn't know any spells.

Dungeon Overview and Level Annotations

Branches:
Dungeon (3/15)

Altars:
Dithmenos


Innate Abilities, Weirdness & Mutations

Your are under a permanent stasis effect.
You can dig through walls and to a lower floor.
Your four strong arms can wield two-handed weapons with a shield.
You have a pair of large antennae on your head (SInv).


Message History

You miss the orc wizard.
The orc wizard gestures wildly while chanting.
The orc wizard seems to speed up.
The worm bites you!
You closely miss the orc wizard.
The orc wizard hits you but does no damage.
The orc wizard casts a spell at you. The magic dart hits you!
You closely miss the orc wizard.
The orc wizard hits you but does no damage.
The worm bites you but does no damage. The orc hits you but does no damage.
The orc wizard hits you but does no damage.
Your plate armour prevents you from hitting the orc wizard.
The orc shouts!
The orc wizard gestures at you while chanting.
The puff of frost hits you!
* * * LOW HITPOINT WARNING * * *
The orc hits you but does no damage. The worm bites you but does no damage.
The orc wizard points at you and mumbles some strange words.
The puff of flame hits you!
You die...

. #.#..{o..w... #..
#......>.....
...#.........#...
..................
...##........#...
#..###...... #.
##..........
####..####wo.......
........@o).......#
.#........o........
##...........#...
#...............
###.#####..##... #.
...... # .### ##


You could see a worm, an orc wizard and 2 orcs.

Vanquished Creatures
  An orc priest (D:3)
  3 adders (D:2)
  6 gnolls
  2 worms (D:2)
  2 giant geckos
  An orc (D:3)
  9 bats
  2 giant cockroaches (D:2)
  6 goblins
  5 hobgoblins
  8 jackals
  4 giant newts
  9 kobolds
  2 rats (D:2)
60 creatures vanquished.

Vanquished Creatures (others)
  A gnoll (D:3)
1 creature vanquished.

Grand Total: 61 creatures vanquished

Notes
Turn   | Place    | Note
--------------------------------------------------------------
     0 | Abyss:1  | DrPain, the Formicid Abyssal Knight, began the quest for the Orb.
     0 | Abyss:1  | Reached XP level 1. HP: 18/18 MP: 1/1
    68 | Abyss:1  | Noticed a wretched star
    68 | Abyss:1  | Noticed a small abomination
    71 | D:1      | Escaped the Abyss
   228 | D:1      | Reached XP level 2. HP: 24/24 MP: 3/3
   230 | D:1      | Acquired Lugonu's first power
   620 | D:1      | Reached XP level 3. HP: 29/29 MP: 6/6
  1039 | D:2      | Acquired Lugonu's second power
  1160 | D:2      | Reached XP level 4. HP: 26/35 MP: 8/8
  1562 | D:2      | Reached XP level 5. HP: 14/41 MP: 11/11
  1765 | D:2      | Found a shadowy altar of Dithmenos.
  1863 | D:2      | Reached skill level 4 in Maces & Flails
  2075 | D:2      | Acquired Lugonu's third power
  2447 | D:3      | Reached XP level 6. HP: 30/47 MP: 8/12
  2454 | D:3      | Killed from afar by an orc wizard

Action                   |  1- 3 |  4- 6 || total
-------------------------+-------+-------++-------
Melee: Mace              |    65 |   103 ||   168
Invok: Depart the Abyss  |     1 |       ||     1
       Banish            |       |     2 ||     2
  Use: Scroll            |     3 |       ||     3
       Potion            |     1 |       ||     1
  Eat: Chunk             |     1 |       ||     1
       Meat ration       |       |     1 ||     1
